 Dungeon Crawl Stone Soup version 0.31.0-11-ge490571c62 (webtiles) character file.

Game seed: 3579003889669733773

122 qw the Skirmisher (level 4, -15/25 HPs)
             Began as a Deep Elf Hunter on Feb 3, 2024.
             Killed by divine providence
             ... invoked by an orc priest
              (16 damage)
             ... on level 3 of the Dungeon.
             The game lasted 00:00:07 (1806 turns).

qw the Skirmisher (Deep Elf Hunter)                 Turns: 1806, Time: 00:00:07

Health: -15/25     AC:  5    Str: 10    XL:     4   Next: 78%
Magic:  6/6        EV: 11    Int: 14    God:
Gold:   90         SH:  0    Dex: 18    Spells: 3/3 levels left

rFire   . . .        a - +0 shortbow
rCold   . . .        (shield currently unavailable)
rNeg    . . .        b - +0 ring mail
rPois   .            (no helmet)
rElec   .            (no cloak)
rCorr   .            (no gloves)
SInv    .            (no boots)
Will    .....        (no amulet)
Stlth   +            (no ring)
HPRegen 0.24/turn    (no ring)
MPRegen 0.10/turn

%: no passive effects
@: no status effects
A: no striking features
a: no special abilities


You were on level 3 of the Dungeon.
You visited 1 branch of the dungeon, and saw 3 of its levels.

You collected 90 gold pieces.


   Skills:
 - Level 1.5 Fighting
 + Level 8.2 Ranged Weapons
 - Level 2.4 Dodging
 - Level 1.2 Stealth


You had 3 spell levels left.
You didn't know any spells.
Your spell library was empty.

Inventory:

Hand Weapons
 a - a +0 shortbow (weapon)
Armour
 b - a +0 ring mail (worn)
Potions
 d - a potion of mutation
 f - a potion of curing

Dungeon Overview and Level Annotations

Branches:
Dungeon (3/15)

Altars:
Makhleb

Shops:
D:1 (*


Message History

You shoot an arrow. The arrow hits the orc.
The orc is moderately wounded.
The orc hits you with a +0 falchion.
You shoot an arrow. The arrow hits the orc.
The orc is almost dead.
The orc closely misses you.
You shoot an arrow.
The arrow hits the orc but does no damage.
The orc is almost dead.
The orc closely misses you.
You shoot an arrow. The arrow hits the orc.
You kill the orc!
You start resting.
An orc priest is nearby!
You shoot an arrow.
The arrow closely misses the orc priest.
You shoot an arrow.
The arrow hits the orc priest but does no damage.
You shoot an arrow. The arrow hits the orc priest.
The orc priest is lightly wounded.
You shoot an arrow. The arrow hits the orc priest.
The orc priest is moderately wounded.
The orc priest barely misses you.
You shoot an arrow. The arrow barely misses the orc priest.
The orc priest hits you but does no damage.
You shoot an arrow. The arrow barely misses the orc priest.
The orc priest hits you with a +0 club.
You shoot an arrow. The arrow hits the orc priest.
The orc priest is severely wounded.
The orc priest invokes the aid of Beogh against you.
Beogh smites you!
Ouch! That really hurt!
You shoot an arrow. The arrow barely misses the orc priest.
The orc priest hits you with a +0 club. The orc priest closely misses you.
You shoot an arrow. The arrow hits the orc priest.
The orc priest is almost dead.
The orc priest invokes the aid of Beogh against you.
Beogh smites you!
Ouch! That really hurt!
You die...

#........#
##.....#.#
#....##.#
#..####.# #..#
#.# ###
#..####.###.#.#
####............#
#........)..##.##
#@###.####..#.#
#o# #.# #...##
#.# #.# #)...###.
#.# .# #........
... .# ##..##.#.
..# ## #..# ###
..# #..# #.# ...#
#######[.# #..
......<>.# ##.


You could see an orc priest.

Vanquished Creatures
  A gnoll (D:1)
  3 adders (D:2)
  3 dart slugs (D:1)
  2 ribbon worms (D:2)
  4 orcs (D:3)
  12 bats
  4 endoplasms
  A giant cockroach (D:1)
  9 goblins
  3 hobgoblins
  5 jackals
  3 kobolds
  2 quokkas
  6 ball pythons
  3 frilled lizards
  5 rats
66 creatures vanquished.

Notes
Turn   | Place    | Note
-------+----------+-------------------------------------------
     0 | D:1      | qw the Deep Elf Hunter began the quest for the Orb.
     0 | D:1      | Reached XP level 1. HP: 12/12 MP: 3/3
     0 | D:1      | 0 ||| qw: Version: 0.3-a-157-g843a77d
     0 | D:1      | 0 ||| qw: Game counter: 3559
     0 | D:1      | 0 ||| qw: Melee chars always use a shield: true
     0 | D:1      | 0 ||| qw: God list: Okawaru
     0 | D:1      | 0 ||| qw: Allow faded altars: false
     0 | D:1      | 0 ||| qw: Do Orc after clearing Dungeon:15 true
     0 | D:1      | 0 ||| qw: Do second Lair branch before Depths: true
     0 | D:1      | 0 ||| qw: Lair rune preference: random
     0 | D:1      | 0 ||| qw: Goals: Normal
     0 | D:1      | 0 ||| PLANNING D:1-11
   131 | D:1      | Reached skill level 6 in Ranged Weapons
   131 | D:1      | Reached XP level 2. HP: 16/16 MP: 4/4
   143 | D:1      | Found Impog's Weapon Shoppe.
   229 | D:1      | Reached XP level 3. HP: 20/20 MP: 5/5
   410 | D:1      | Found Lenuc's General Store.
   413 | D:1      | 413 ||| SHOPLISTING +1 cloak (138 gold, have 41).
   413 | D:1      | 413 ||| SHOPLISTING +4 ring of protection (432 gold, have
                  | 41).
   604 | D:1      | Reached skill level 7 in Ranged Weapons
   936 | D:1      | 936 ||| READING 2 scrolls labelled PIASEA YRHUE.
   936 | D:1      | 936 ||| IDENTIFYING clear potion
   937 | D:1      | 937 ||| DROPPING scroll of butterflies.
  1003 | D:2      | Reached XP level 4. HP: 25/25 MP: 6/6
  1078 | D:2      | Found a burning altar of Makhleb.
  1254 | D:2      | Reached skill level 8 in Ranged Weapons
  1644 | D:2      | 1644 ||| UPGRADING to +0 ring mail.
  1654 | D:2      | 1654 ||| DROPPING +0 leather armour.
  1655 | D:2      | 1655 ||| READING 2 scrolls of identify.
  1655 | D:2      | 1655 ||| IDENTIFYING fuming black potion
  1656 | D:2      | 1656 ||| READING scroll of identify.
  1656 | D:2      | 1656 ||| IDENTIFYING bubbling pink potion
  1657 | D:2      | 1657 ||| DROPPING potion of brilliance.
  1804 | D:3      | HP: 2/25 [orc priest/divine providence (15)]
  1806 | D:3      | Killed from afar by an orc priest

Levels and vault maps discovered:
D:1:      psy_arrival_conway, layout_basic, serial_shops, shop,
          nicolae_shop_trees, st_stairs_12
D:2:      layout_basic, basic_altar, minmay_quantized
D:3:      layout_loops_ring, mainiacjoe_overflow_boulevard,
          dreamdust_ecumenical_altar_drowned_temple,
          nicolae_figureground_sparkle, uniq_ijyb

Skill      XL: |  1  2  3  4 |
---------------+-------------+-----
Ranged Weapons | 6 7 8 |  8.2
Fighting       | |  1.5
Dodging        | |  2.4
Stealth        | |  1.2

Action                     |  1- 3 |  4- 6 || total
---------------------------+-------+-------++-------
   Fire: Shortbow          |   105 |   104 ||   209
    Use: Scroll            |     1 |     2 ||     3
 Armour: Leather armour    |    24 |    13 ||    37
         Ring mail         |       |     8 ||     8
  Dodge: Dodged            |    18 |    18 ||    36

Table legend:
 A = Non-vault XP
 B = Vault XP
 C = Vault XP percentage of total XP
 D = Non-vault monster count
 E = Vault monster count
 F = Vault count percentage of total count
                 A         B        C        D         E       F
            +---------+---------+-------+---------+---------+-------
      Total |     150 |      25 |  14.3 |      59 |       7 |  10.6
            +---------+---------+-------+---------+---------+-------
        D:1 |      59 |      16 |  21.3 |      31 |       2 |   6.1
        D:2 |      78 |       9 |  10.3 |      23 |       5 |  17.9
        D:3 |      13 |       0 |   0.0 |       5 |       0 |   0.0
            +---------+---------+-------+---------+---------+-------
